[Event "*** MasterClass Titled Tuesday Blitz"]
[Site "Chess.com"]
[Date "2017.08.01"]
[Round "6"]
[White "GrigorGrigorov"]
[Black "dzhumagaliev"]
[Result "1-0"]
[WhiteElo "2615"]
[BlackElo "2519"]
[TimeControl "180+2"]
[EndTime "14:20:40 PDT"]
[Termination "GrigorGrigorov won on time"]

1. d4 Nf6 2. c4 e6 3. Nc3 Bb4 4. e3 O-O 5. Ne2 d5 6. a3 Bd6 7. Ng3 b6 8. cxd5 exd5 9. Be2 c6 10. O-O Re8 11. Bf3 Bb7 12. Re1 Nbd7 13. e4 Bxg3 14. hxg3 dxe4 15. Nxe4 Nxe4 16. Rxe4 Rxe4 17. Bxe4 Nf6 18.
Bf3 Nd5 19. Qd3 Qd7 20. Bd2 Re8 21. Re1 Rxe1+ 22. Bxe1 Qe6 23. Qe4 Qxe4 24. Bxe4 Ba6 25. Bd2 Bc4 26. g4 h6 27. Kh2 Kf8 28. Kg3 Ke7 29.
g5 hxg5 30. Bxg5+ Ke6 31. f3 f6 32. Bd2 Ne7 33. Kf2 Bd5 34. Bd3 Nf5 35. Bc3 g5 36. g4 Nd6 37. Bd2 Bc4 38. Bh7 Bd5 39. Bc2 Nc4 40.
Bc1 Nd6 41. Bh7 Nb5 42. Ke3 Nd6 43. Kf2 Nb5 44. Bf5+ Ke7 45. Be3 Nd6 46. Bd3 Ke6 47. Bd2 Bc4 48. Bh7 Bd5 49. a4 Nc4 50. Bc3 Nd6 51. Ke3 f5 52. gxf5+ Nxf5+ 53. Kf2 Kf6 54. b4 a6 55. a5 b5 56. Bd2 Bc4 57. Bc1 Bd5 58. Bb2 Bc4 59. d5+ Ke7 60. Bxf5 cxd5 61. Bd4 Kd8 62. Kg3 Kc7 63. Kg4 Be2 64. Bg6 Kd6 65. Bh5 Ke6 66. Kxg5 Kd6 67. Bg4 1-0

[Event "*** MasterClass Titled Tuesday Blitz"]
[Site "Chess.com"]
[Date "2017.08.01"]
[Round "6"]
[White "axlbvRR"]
[Black "stefanodinn"]
[Result "0-1"]
[WhiteElo "1967"]
[BlackElo "2171"]
[TimeControl "180+2"]
[EndTime "14:20:41 PDT"]
[Termination "stefanodinn won on time"]

1. d4 Nf6 2. Nf3 d5 3. Bf4 e6 4. e3 Bd6 5. Bg3 b6 6. Bd3 Ba6 7. Ne5 Bxd3 8. Qxd3 O-O 9. O-O c5 10. c3 Ne4 11. Nd2 Nxg3 12. hxg3 Nd7 13. f4 f6 14. Nef3 f5 15. Ne5 c4 16. Qe2 Nf6 17. Kf2 b5 18. Rh1 Bxe5 19. dxe5 Ng4+ 20. Kg1 Qb6 21. Re1 b4 22. Nf3 bxc3 23. bxc3 Rab8 24. Nd4 h6 25. Rh4 Rfe8 26. Rxg4 fxg4 27. Qxg4 Rb7 28. Rf1 Rf7 29. Qh3 a5 30. g4 Qb2 31. Qg3 Qxc3 32. f5 exf5 33.
gxf5 Kh8 34. e6 Rf6 35. Qf3 a4 36. g4 Qb2 37. Rf2 Qc1+ 38. Kg2 c3 39. Kg3 Kg8 40. Qxd5 Qxe3+ 41. Rf3 Qd2 42. Rf2 Qe3+ 43. Rf3 Qg1+ 44. Kf4 Kh7 45. Ne2 Qe1 46. Nxc3 Qc1+ 47. Kg3 Rexe6 48. fxe6 Qe1+ 49. Kg2 Rxe6 50. Qd3+ Kg8 51. Qd5 Kh7 52. Qd3+ Kg8 53. Qd5 Kh7 54. Qd3+ Kh8 55.
Qd8+ Kh7 56. Qd3+ Kg8 57. Qd8+ Re8 58. Qd5+ Kh8 59. Rf2 Qxc3 60. Qf5 Qd4 61. g5 Qe5 0-1

[Event "*** MasterClass Titled Tuesday Blitz"]
[Site "Chess.com"]
[Date "2017.08.01"]
[Round "6"]
[White "popov_m"]
[Black "evgenysharapov"]
[Result "1/2-1/2"]
[WhiteElo "2419"]
[BlackElo "2265"]
[TimeControl "180+2"]
[EndTime "14:20:57 PDT"]
[Termination "Game drawn by agreement"]

1. d4 d5 2. Bf4 Nf6 3. e3 c6 4.
c4 Bf5 5. Qb3 Qb6 6. c5 Qxb3 7.
axb3 Bxb1 8. Rxb1 Nh5 9. Bxb8 Rxb8 10. Nf3 Nf6 11. b4 a6 12. Bd3 e6 13. h3 Be7 14. g4 h6 15. Ke2 Nd7 16. Ra1 Kd8 17. h4 Kc7 18. g5 hxg5 19. hxg5 g6 20. Rag1 Rbg8 21. Kf1 Kd8 22. Kg2 Ke8 23. Kg3 Kf8 24.
Kg4 Kg7 25. Ne5 Nxe5+ 26. dxe5 Rxh1 27. Rxh1 Rh8 28. Ra1 Rh5 29. f4 Rh2 30. b3 Rd2 31.
Bf1 Rb2 32. Ra3 Rf2 33. Bd3 Rd2 34. Bf1 d4 35. exd4 Rxd4 36. Bc4 Bd8 37. Ra2 Bc7 38. Kf3 Rd1 39. Be2 Rd4 40. Bc4 Rd1 41. Ke2 Rd8 42. Ra1 Rd7 43. Ke3 Kf8 44. Bxa6 bxa6 45. Rxa6 Rd1 46. Rxc6 Bd8 47. b5 Rb1 48. b6 Rxb3+ 49. Ke4 Ke7 50. Rd6 Rb5 51. Kd4 Rb1 52. Kc4 Rb2 53. Kc3 Rb1 54. Kc4 Rb2 55. Rd1 Bxb6 56. cxb6 Rxb6 57. Kc5 Rb3 58. Ra1 Rd3 59. Ra7+ Kf8 60.
Ra4 Kg7 61. Rd4 Rc3+ 62. Kd6 Rc2 63. Ke7 Rc3 64. Ke8 Rc8+ 65. Kd7 Ra8 66. Rc4 Ra7+ 67. Kd6 Ra6+ 68. Kc5 Ra5+ 69. Kd4 1/2-1/2

[Event "*** MasterClass Titled Tuesday Blitz"]
[Site "Chess.com"]
[Date "2017.08.01"]
[Round "6"]
[White "grzechu96"]
[Black "GMKrikor"]
[Result "1-0"]
[WhiteElo "2414"]
[BlackElo "2501"]
[TimeControl "180+2"]
[EndTime "14:21:19 PDT"]
[Termination "grzechu96 won by resignation"]

1. e4 e5 2. Nf3 Nc6 3. Bc4 Bc5 4. O-O Nf6 5. d3 d6 6. c3 a5 7. Re1 O-O 8. Nbd2 Ng4 9. Re2 Kh8 10. h3 Nh6 11. Nf1 f5 12. Bxh6 gxh6 13. d4 exd4 14. cxd4 Bb6 15. e5 d5 16. Bb5 Ne7 17. Qd2 c6 18.
Bd3 f4 19. e6 Rf6 20. Rae1 Qd6 21. Re5 Bc7 22. N1h2 Qb4 23. R5e2 Qxd2 24. Nxd2 h5 25. Ndf3 a4 26. Ng5 h6 27. Nf7+ Kg7 28. Ne5 Rxe6 29. Nhf3 Bd6 30. a3 Rf6 31. Nh4 Ra7 32. Neg6 Nxg6 33.
Nxg6 b6 34. Nh4 Raf7 35. Re8 Rf8 36. Kf1 Bd7 37. Rxf8 Rxf8 38. Bg6 f3 39. Bxh5 fxg2+ 40. Kxg2 Rf4 41. Nf3 Kf6 42. Re3 c5 43. dxc5 bxc5 44.
Be8 d4 45. Re1 Bxh3+ 46. Kxh3 Rxf3+ 47. Kg2 Rf5 48. Bxa4 c4 49. Rc1 Rc5 50. Bd1 Be5 51. Be2 c3 52. bxc3 dxc3 53. a4 Bf4 54. Rc2 Bd2 55. Bd3 Ke5 56. Ra2 Kd4 57. Bc2 Ra5 58. Ra1 Bg5 59. Rb1 Kc4 60. Kg3 Kc5 61. f4 Bf6 62.
Rb7 Kd4 63. Rf7 Ra6 64. Kf3 Kc5 65. Bd3 Rd6 66. Bc2 Kb4 67. Rb7+ Kc4 68. Ke4 Rd2 69. Bb3+ Kc5 70. a5 c2 71. Bxc2 Kc6 72. Rb6+ Kc5 73.
Rxf6 Rxc2 74. Rxh6 Ra2 75. a6 Kb5 76. f5 Re2+ 77. Kd5 Re1 78. f6 Re2 79. f7 Rf2 80.
Ke6 Kxa6 1-0

[Event "*** MasterClass Titled Tuesday Blitz"]
[Site "Chess.com"]
[Date "2017.08.01"]
[Round "6"]
[White "ChessQueen"]
[Black "PelinGorki"]
[Result "1-0"]
[WhiteElo "2597"]
[BlackElo "2415"]
[TimeControl "180+2"]
[EndTime "14:21:30 PDT"]
[Termination "ChessQueen won by resignation"]

1. e4 d6 2. d4 Nf6 3. Nc3 c6 4. Nf3 Bg4 5. h3 Bh5 6. Be3 e6 7. Bd3 d5 8. O-O Be7 9. e5 Nfd7 10. Be2 O-O 11. Nd2 Bxe2 12. Qxe2 c5 13. f4 cxd4 14. Bxd4 Nc6 15. Bf2 g6 16. Nf3 a6 17. Rfd1 Qc7 18. Be3 Rfc8 19. Qf2 b5 20. Ne2 Nb4 21. Ned4 Nc5 22. Nd2 Nxc2 23. Nxc2 Nd3 24. Qf1 Qxc2 25. Nb3 Nxb2 26. Rd2 Qe4 27. Bd4 Nc4 28. Re2 Qf5 29.
g4 Qd3 30. Rd1 Qg3+ 31. Kh1 Qh4 32. f5 a5 33. Qf3 a4 34. Nc1 b4 35. Rf1 Rf8 36.
f6 Bd8 37. Nd3 Qh6 38. Rg1 Nd2 39. Qg2 Ne4 40. Nxb4 Rb8 41. Nc6 Rc8 42. Na7 Rc7 43. Nb5 Rc4 44. Be3 g5 45. Nd4 Bb6 46. Nf5 exf5 47. Bxb6 fxg4 48. Kh2 g3+ 49. Kh1 g4 50. Rxe4 Rxe4 51. Qxg3 Kh8 52. h4 Rb8 53. Bc5 Qf4 54. Qxf4 Rxf4 55. Rd1 Rd8 56. Bd6 Rxf6 57. Be7 Re6 58. Bxd8 h5 59. Bf6+ Kh7 60. Rxd5 Kg6 61.
Ra5 Kf5 62. Kg2 Rc6 63. Rxa4 Rc2+ 64. Kf1 Rc1+ 65. Kf2 Rc2+ 66. Ke3 Rc3+ 67. Kd2 Rh3 68. Ra8 g3 69. Ke3 g2+ 70. Kf2 Rg3 71. Kg1 Rg6 72. Rb8 Rg3 73. Rb2 1-0

[Event "*** MasterClass Titled Tuesday Blitz"]
[Site "Chess.com"]
[Date "2017.08.01"]
[Round "6"]
[White "Jospem"]
[Black "LastHeroJr"]
[Result "0-1"]
[WhiteElo "2582"]
[BlackElo "2419"]
[TimeControl "180+2"]
[EndTime "14:21:36 PDT"]
[Termination "LastHeroJr won by checkmate"]

1. e4 e5 2. Nf3 Nc6 3. Bb5 a6 4. Ba4 Nf6 5. O-O Be7 6. d3 b5 7.
Bb3 d6 8. h3 Na5 9. a4 Nxb3 10.
cxb3 Bb7 11. Na3 Qd7 12. Re1 O-O 13. Bd2 Rfe8 14. Nc2 Bf8 15. Bg5 Re6 16. Ne3 h6 17. Bh4 g6 18. Bg3 Bg7 19. Bh2 Qc6 20. Rc1 Qb6 21. Qd2 c5 22. a5 Qd8 23. b4 Nd7 24.
Nd5 Re8 25. bxc5 dxc5 26. Ne3 Qe7 27. b4 Rac8 28. bxc5 Nxc5 29. Qe2 Red8 30. Rcd1 Nb3 31. Qb2 Nd4 32. Nxd4 Rxd4 33. Nc2 Ra4 34. Ra1 Rxa1 35. Nxa1 Qc5 36. Bg3 Qc3 37. Qb1 Qxa5 38. Nb3 Qb4 39. Re2 a5 40. Rb2 Qc3 41. Kh2 Ba6 42. f3 Bf8 43. Be1 Qc6 44. Bxa5 b4 45. Nd2 Bc5 46.
Bxb4 Bd4 47. Ra2 Bb5 48. Nb3 Be3 49. Re2 Bf4+ 50. g3 Bg5 51. Nc5 Be7 52. Rc2 Bxd3 53. Nxd3 Qxc2+ 54. Qxc2 Rxc2+ 55. Kg1 Bxb4 56. Nxb4 Rd2 57.
Kf1 Rh2 58. h4 Rd2 59. Ke1 Rg2 60. g4 Rh2 61. Nd3 f6 62. Kf1 Kf7 63. Kg1 Rd2 64. Nf2 Ke6 65. Kg2 Kd6 66. Kg3 g5 67. Nh3 Kc5 68. hxg5 hxg5 69. Nf2 Kd4 70. Nh1 Ke3 71. Kh3 Kxf3 72. Ng3 Kf4 73. Nh5+ Kxe4 74. Nxf6+ Kf3 75. Nh7 Kf4 76. Nf6 e4 77. Nh5+ Kf3 78. Ng3 e3 79.
Ne2 Kxe2 80. Kg3 Kd3 81. Kf3 e2 82. Kf2 Rd1 83. Kg2 e1=Q 84. Kh3 Qe3+ 85. Kh2 Rd2+ 86. Kh1 Qe1# 0-1

[Event "*** MasterClass Titled Tuesday Blitz"]
[Site "Chess.com"]
[Date "2017.08.01"]
[Round "6"]
[White "H16"]
[Black "TheLancer"]
[Result "1/2-1/2"]
[WhiteElo "2307"]
[BlackElo "2471"]
[TimeControl "180+2"]
[EndTime "14:23:52 PDT"]
[Termination "Game drawn by 50-move rule"]

1. b3 c5 2. Bb2 Nc6 3. Nf3 Nf6 4. e3 g6 5. d4 cxd4 6. exd4 d5 7. a3 Bg7 8. Bd3 O-O 9. Nbd2 Kh8 10. O-O Bf5 11.
Qe2 Bxd3 12. Qxd3 Nd7 13. Rfe1 e6 14. Rad1 Rc8 15. h4 Qf6 16. Qe3 b5 17. h5 Qf5 18.
hxg6 Qxc2 19. Ba1 Qxg6 20. g3 Ne7 21. Kg2 Nf5 22. Qe2 Qg4 23. Qxb5 Nb8 24. Qd3 Nc6 25.
Rh1 Kg8 26. Nf1 Qg6 27. Ne3 Nd6 28. Qe2 Ne4 29. Nh4 Qf6 30. Ng4 Qe7 31. f3 Nf6 32.
Nxf6+ Qxf6 33. Qd3 Rfe8 34. f4 Na5 35. Rc1 Nb7 36.
Nf3 Qg6 37. Qxg6 hxg6 38. Ne5 Nd6 39. a4 Nf5 40. Kf3 Nd6 41. Bb2 Ne4 42. Kg2 g5 43. fxg5 Bxe5 44. dxe5 Kg7 45. Rxc8 Rxc8 46. Rc1 Rb8 47.
Rc7 Rxb3 48. Bc1 Rxg3+ 49. Kh2 Rc3 50. Rxc3 Nxc3 51. a5 Kg6 52. a6 d4 53. Kg3 d3 54.
Kf3 Nd5 55. Bd2 Nc7 56. Ke4 Nxa6 57. Kxd3 Nc5+ 58. Ke3 Nd7 59. Ke4 Nb6 60. Be3 Nd5 61. Bxa7 Kxg5 62. Bd4 Kg4 63. Bb2 Ne7 64. Bc3 Nf5 65.
Bd2 Ng3+ 66. Kd4 Kf5 67. Be1 Ne2+ 68. Ke3 Nf4 69. Bg3 Ng6 70. Kd4 Ne7 71. Kc5 Ng6 72. Kd6 Nf4 73. Ke7 Ng6+ 74. Kxf7 Nxe5+ 75. Ke7 Nc4 76. Bh2 Ne3 77. Kd6 Nd5 78. Bg3 Nf6 79. Bh2 Ne4+ 80. Kc6 Ng5 81. Kc5 Nf3 82. Bb8 Ng5 83. Kd4 Nf7 84. Ke3 Ne5 85. Bc7 Nd7 86.
Kf3 Nf6 87. Bb8 Ng4 88. Bc7 Ne5+ 89. Ke3 Ng6 90. Bb8 Ne7 91. Kf3 Kf6 92. Bc7 Kf5 93.
Bb8 Ng6 94. Bc7 Ne5+ 95. Ke3 Nd7 96. Bd6 Nf6 97. Bb8 Ne8 98. Kd4 Ng7 99. Ke3 Nh5 100. Bc7 Nf6 101. Bb8 Ng8 102. Kf3 Nh6 103. Ke3 Nf7 104. Kf3 Ne5+ 105. Ke3 Nc6 106. Bc7 Nb4 107. Bb8 Kf6 108. Ke4 Nd5 109. Bd6 Nb6 110. Be5+ Ke7 111. Bb8 Kd7 112. Bh2 Nd5 113. Bg3 Ke7 114. Bh2 Kf7 115. Bg3 Nf6+ 116. Ke5 Nd7+ 117. Ke4 Nf8 118. Bd6 Nh7 119. Bh2 Nf6+ 120. Kd4 Kg6 121. Ke5 Kf7 122. Kd4 Ng4 123. Bb8 Kg6 124. Ke4 Kf7 125. Kf4 Nh6 126. Ke4 Nf5 1/2-1/2

[Event "*** MasterClass Titled Tuesday Blitz"]
[Site "Chess.com"]
[Date "2017.08.01"]
[Round "7"]
[White "Witik"]
[Black "PelinGorki"]
[Result "1-0"]
[WhiteElo "2586"]
[BlackElo "2411"]
[TimeControl "180+2"]
[EndTime "14:26:49 PDT"]
[Termination "Witik won by resignation"]

1. d4 Nf6 2. Bf4 e6 3. e3 b6 4. Nd2 Bb7 5. Ngf3 Be7 6. h3 h6 7.
Bd3 d6 8. Bh2 Nbd7 9. a4 a5 10.
c3 c5 11. O-O g5 12. Bb5 g4 13. hxg4 Nxg4 14. Bg3 Rg8 15. dxc5 bxc5 16. Nc4 Bd5 17. Nxd6+ Bxd6 18. Bxd6 Qf6 19. Re1 Bxf3 20. Qxf3 Qxf3 21. gxf3 Nxe3+ 22. Kh2 Nc2 23. Rg1 Kd8 1-0

[Event "*** MasterClass Titled Tuesday Blitz"]
[Site "Chess.com"]
[Date "2017.08.01"]
[Round "7"]
[White "Malev212"]
[Black "ka1ser64"]
[Result "1-0"]
[WhiteElo "2486"]
[BlackElo "2355"]
[TimeControl "180+2"]
[EndTime "14:27:42 PDT"]
[Termination "Malev212 won by resignation"]

1. Nf3 d5 2. g3 Nf6 3. Bg2 e6 4. O-O Be7 5. c4 O-O 6. d4 dxc4 7. Na3 c5 8. Nxc4 Nc6 9. dxc5 Bxc5 10. Bg5 Be7 11.
Nfe5 Nd5 12. Bxe7 Ncxe7 13. e4 Nf6 14. Qd6 b5 15. Qxd8 Rxd8 16. Rfd1 Bb7 17. Nd6 Bc6 18. Nexf7 Rf8 19. Ne5 Rad8 20. Rac1 Ba8 21. f3 a6 22. Bh3 1-0

[Event "*** MasterClass Titled Tuesday Blitz"]
[Site "Chess.com"]
[Date "2017.08.01"]
[Round "7"]
[White "1lec"]
[Black "silverback96"]
[Result "0-1"]
[WhiteElo "2054"]
[BlackElo "2130"]
[TimeControl "180+2"]
[EndTime "14:27:49 PDT"]
[Termination "silverback96 won by resignation"]

1. e4 c6 2. d4 d5 3. e5 Bf5 4.
Nf3 e6 5. Be2 h6 6. O-O Nd7 7.
Nbd2 Ne7 8. Nb3 g5 9. Ne1 c5 10. dxc5 Nc6 11. f4 Nxc5 12. g4 Bh7 13. f5 Nxb3 14.
axb3 Bc5+ 15. Kh1 Nxe5 16. fxe6 Be4+ 17. Bf3 Nxf3 18. Nxf3 fxe6 19. Qe2 O-O 20. Kg2 Rxf3 0-1

[Event "*** MasterClass Titled Tuesday Blitz"]
[Site "Chess.com"]
[Date "2017.08.01"]
[Round "7"]
[White "vellottiwizard"]
[Black "grzechu96"]
[Result "1-0"]
[WhiteElo "2523"]
[BlackElo "2407"]
[TimeControl "180+2"]
[EndTime "14:28:13 PDT"]
[Termination "vellottiwizard won by resignation"]

1. e4 c5 2. Nf3 d6 3. d4 cxd4 4.
Nxd4 Nf6 5. Nc3 a6 6. Be3 e6 7.
g4 e5 8. Nf5 g6 9. Bg2 gxf5 10.
exf5 h6 11. h3 Nc6 12. Qd2 Bd7 13. O-O-O Qa5 14. f4 O-O-O 15. Qf2 exf4 16. Bb6 Qb4 17. a3 Qc4 18. Bf1 Ne4 19. Qxf4 Nxc3 20. Bxc4 Nxd1 21.
Rxd1 Re8 22. Bxf7 Re5 23. Bc4 Be7 24. Kb1 1-0

[Event "*** MasterClass Titled Tuesday Blitz"]
[Site "Chess.com"]
[Date "2017.08.01"]
[Round "7"]
[White "IvaVidenova"]
[Black "guilty93"]
[Result "1-0"]
[WhiteElo "2456"]
[BlackElo "2379"]
[TimeControl "180+2"]
[EndTime "14:28:49 PDT"]
[Termination "IvaVidenova won by resignation"]

1. e4 e6 2. d4 d5 3. Nc3 Bb4 4. e5 b6 5. a3 Bf8 6. Bb5+ c6 7.
Bd3 Ba6 8. b4 Qd7 9. Rb1 Bc4 10.
b5 cxb5 11. Nxb5 Bxd3 12. Qxd3 Nc6 13. Bd2 a6 14. Nc3 b5 15. Nd1 Nge7 16. f4 Rb8 17. Nf3 Nc8 18. O-O Be7 19. Ne3 Nb6 20. f5 Nc4 21.
fxe6 fxe6 22. Nxc4 dxc4 23. Qe4 O-O 24. c3 Bxa3 25. Ng5 g6 26. Rf6 Be7 27. Rxg6+ 1-0

[Event "*** MasterClass Titled Tuesday Blitz"]
[Site "Chess.com"]
[Date "2017.08.01"]
[Round "7"]
[White "peteseeger"]
[Black "Chess64Surfer"]
[Result "0-1"]
[WhiteElo "2101"]
[BlackElo "2049"]
[TimeControl "180+2"]
[EndTime "14:29:14 PDT"]
[Termination "Chess64Surfer won by resignation"]

1. e4 d6 2. d4 Nf6 3. Nc3 g6 4. f4 Bg7 5. Nf3 O-O 6. e5 Nfd7 7. Bc4 Nb6 8. Bb3 d5 9. O-O Bg4 10. h3 Bxf3 11. Qxf3 e6 12. Ne2 N8d7 13. c3 c5 14. Be3 Qe7 15. Ng3 Rac8 16. Bc2 cxd4 17. Bxd4 Nc4 18.
Rae1 Nd2 19. Qf2 Nxf1 20. Rxf1 Nc5 21. f5 exf5 22. Nxf5 gxf5 23. Bxf5 Ne4 24. Qf3 Rc6 25. Qg4 Qg5 26. Qe2 Ng3 0-1

[Event "*** MasterClass Titled Tuesday Blitz"]
[Site "Chess.com"]
[Date "2017.08.01"]
[Round "7"]
[White "TryingToGetBetter94"]
[Black "dretch"]
[Result "0-1"]
[WhiteElo "2333"]
[BlackElo "2550"]
[TimeControl "180+2"]
[EndTime "14:29:26 PDT"]
[Termination "dretch won by resignation"]

1. e4 e6 2. d4 d5 3. Nc3 Nf6 4. Bg5 dxe4 5. Nxe4 Be7 6. Bxf6 Bxf6 7. Nf3 Nd7 8. Qd2 O-O 9. O-O-O Be7 10. Bc4 a6 11.
Bb3 a5 12. a4 c6 13. c4 b5 14.
cxb5 cxb5 15. axb5 a4 16. Ba2 a3 17. b4 Qb6 18. d5 exd5 19. Qxd5 Bb7 20. Qd4 Rac8+ 21.
Kb1 Qxb5 22. Nc3 Rxc3 23. Qxc3 Be4+ 24. Ka1 Bxf3 25. Qxf3 Qe5+ 0-1

[Event "*** MasterClass Titled Tuesday Blitz"]
[Site "Chess.com"]
[Date "2017.08.01"]
[Round "7"]
[White "Fisher-Human"]
[Black "nekochabo"]
[Result "1-0"]
[WhiteElo "2477"]
[BlackElo "2566"]
[TimeControl "180+2"]
[EndTime "14:29:52 PDT"]
[Termination "Fisher-Human won by resignation"]

1. e4 c5 2. Nc3 e6 3. g3 Nc6 4.
Bg2 g6 5. d3 Bg7 6. Be3 d6 7. Qd2 Rb8 8. h4 h6 9. h5 g5 10. f4 gxf4 11. gxf4 Nf6 12. e5 dxe5 13. Bxc5 Qc7 14. Nb5 Qd7 15. Nd6+ Kd8 16. O-O-O Bf8 17. Bxc6 Qxc6 18. Nxf7+ Ke8 19. Nxh8 Bxc5 20. Ne2 Ng4 21. d4 exd4 22. Nxd4 Qd5 23. Rhe1 Qxa2 24. Nb3 Be7 25. Ng6 Bf6 26. c3 Qxb3 27. Qd6 1-0

[Event "*** MasterClass Titled Tuesday Blitz"]
[Site "Chess.com"]
[Date "2017.08.01"]
[Round "7"]
[White "Vrolijk"]
[Black "jb2mix"]
[Result "0-1"]
[WhiteElo "2498"]
[BlackElo "2473"]
[TimeControl "180+2"]
[EndTime "14:29:54 PDT"]
[Termination "jb2mix won by resignation"]

1. d4 Nf6 2. c4 e6 3. Nf3 Bb4+ 4. Bd2 Nc6 5. Bxb4 Nxb4 6. g3 O-O 7. Bg2 d6 8. O-O Qe7 9. Nc3 a5 10. Ne1 e5 11. d5 Bg4 12. a3 Na6 13. Nd3 Qd7 14.
Qd2 Bh3 15. e4 Bxg2 16. Kxg2 c6 17. b4 cxd5 18. cxd5 axb4 19. axb4 Rfc8 20. b5 Nc7 21. Qb2 h5 22. Rfc1 Rxa1 23. Rxa1 Na8 24. b6 Nxb6 25. f3 Nc4 26. Qb4 Ne3+ 27. Kf2 Nc2 28. Qa4 Qxa4 29. Rxa4 Rxc3 30. Ke2 Nd4+ 31. Kd2 Rc2+ 32. Kd1 Rxh2 33. f4 Nxe4 34. Ra8+ Kh7 35. fxe5 dxe5 36. Nxe5 Rd2+ 37. Ke1 f6 38. Nf3 Nxf3+ 0-1

[Event "*** MasterClass Titled Tuesday Blitz"]
[Site "Chess.com"]
[Date "2017.08.01"]
[Round "7"]
[White "dmjjmd"]
[Black "abubakrtagelsir"]
[Result "0-1"]
[WhiteElo "2139"]
[BlackElo "2298"]
[TimeControl "180+2"]
[EndTime "14:29:57 PDT"]
[Termination "abubakrtagelsir won on time"]

1. e4 d6 2. d4 Nf6 3. Nc3 g6 4. f4 Bg7 5. Nf3 c5 6. dxc5 Qa5 7. Bd3 Qxc5 8. Qe2 Bg4 9. Be3 Qa5 10. O-O Nc6 11. h3 Bxf3 12. Qxf3 Nd7 13. Nd5 e6 14. Bd2 Qd8 15. Nc3 O-O 16. f5 Nce5 17. Qg3 Nxd3 18.
cxd3 Qb6+ 19. Kh1 Qxb2 20. fxe6 Qxd2 0-1

[Event "*** MasterClass Titled Tuesday Blitz"]
[Site "Chess.com"]
[Date "2017.08.01"]
[Round "7"]
[White "AndrewMcStone"]
[Black "Cocovitsch007"]
[Result "1-0"]
[WhiteElo "2071"]
[BlackElo "2206"]
[TimeControl "180+2"]
[EndTime "14:30:01 PDT"]
[Termination "AndrewMcStone won by resignation"]

1. d4 Nf6 2. c4 g6 3. Nc3 Bg7 4. e4 d6 5. Nge2 O-O 6. Ng3 e5 7. d5 c6 8. Be2 cxd5 9. cxd5 a6 10. O-O b5 11. b4 Nbd7 12. a4 bxa4 13. Qxa4 Nb6 14.
Qa5 Bb7 15. Be3 Nfd7 16. Rfc1 f5 17. exf5 gxf5 18. f4 exf4 19. Bxf4 Bd4+ 20. Kh1 Ne5 21. Ra2 Nbc4 22. Qxd8 Raxd8 23. Nd1 Rc8 24. Rac2 Nb6 25. Rxc8 Rxc8 26. Nxf5 Rxc1 27. Bxc1 Ba1 28. Nde3 Nxd5 29. Nxd5 Bxd5 30. Ne7+ Kf7 31. Nxd5 Ke6 32. Nc7+ 1-0

[Event "*** MasterClass Titled Tuesday Blitz"]
[Site "Chess.com"]
[Date "2017.08.01"]
[Round "7"]
[White "beastfromweast"]
[Black "renanreis"]
[Result "0-1"]
[WhiteElo "2287"]
[BlackElo "2101"]
[TimeControl "180+2"]
[EndTime "14:30:35 PDT"]
[Termination "renanreis won by resignation"]

1. d4 Nf6 2. Nf3 e6 3. c4 c5 4. d5 b5 5. dxe6 fxe6 6. cxb5 d5 7. e3 Bd6 8. b3 O-O 9. Bb2 Nbd7 10. Nbd2 Qe7 11.
Bd3 Bb7 12. Qc2 e5 13. e4 c4 14. bxc4 dxe4 15. Nxe4 Bb4+ 16. Ke2 Nxe4 17. Bxe4 Bxe4 18. Qxe4 Nc5 19. Qd5+ Kh8 20. Rhd1 e4 21. Ng5 Nd3 22.
Rxd3 exd3+ 23. Kf1 Qe2+ 24. Kg1 Qxf2+ 25. Kh1 Qf1+ 0-1

[Event "*** MasterClass Titled Tuesday Blitz"]
[Site "Chess.com"]
[Date "2017.08.01"]
[Round "7"]
[White "FairChess_on_YouTube"]
[Black "TigranLPetrosyan"]
[Result "1-0"]
[WhiteElo "2751"]
[BlackElo "2743"]
[TimeControl "180+2"]
[EndTime "14:30:50 PDT"]
[Termination "FairChess_on_YouTube won by resignation"]

1. d4 g6 2. e4 Bg7 3. Nf3 d6 4. Bc4 Nf6 5. Qe2 O-O 6. e5 dxe5 7. dxe5 Nd5 8. O-O Nb6 9. Rd1 Qe8 10. Bb3 a5 11. e6 Bxe6 12. Bxe6 fxe6 13. Qxe6+ Kh8 14. Nc3 Nc6 15. Be3 Nb4 16. Bd4 Qf7 17. Ng5 Qxe6 18. Bxg7+ Kxg7 19. Nxe6+ Kf7 20. Nxf8 Rxf8 21. a3 Na6 22.
Nd5 Nc4 23. Rd4 Rd8 24. Re1 e6 25. Rf4+ Kg7 26. Nxc7 Nxc7 27. Rxc4 Rd7 28. g3 b5 29. Rc5 Kf6 30. Kg2 h5 31. Re3 Ke7 32. Rd3 1-0

[Event "*** MasterClass Titled Tuesday Blitz"]
[Site "Chess.com"]
[Date "2017.08.01"]
[Round "7"]
[White "josiwales"]
[Black "YaWaleriy"]
[Result "1-0"]
[WhiteElo "2293"]
[BlackElo "2214"]
[TimeControl "180+2"]
[EndTime "14:30:54 PDT"]
[Termination "josiwales won by resignation"]

1. e4 e6 2. d3 d5 3. Qe2 Nf6 4. Nf3 Be7 5. e5 Nfd7 6. g3 c5 7. Bg2 Nc6 8. h4 b5 9. Bf4 b4 10. h5 a5 11. Nbd2 a4 12. g4 a3 13. b3 Na7 14. g5 Nb5 15. Nb1 Ba6 16. Qd2 Rc8 17.
Bh3 Rc6 18. Bg4 Qc7 19. Rg1 c4 20. dxc4 dxc4 21. g6 hxg6 22. hxg6 fxg6 23. bxc4 Rxc4 24. Bxe6 Nf8 25. Bxc4 Qxc4 26. Be3 Ne6 27. Qd3 Qc6 28. Qxg6+ Kd7 29. Qd3+ Kc8 30. Nbd2 Nc3 31. Qf5 Kb7 32.
Qf7 Re8 33. Rg6 Qb5 34. Ng1 Nc7 35. Rb6+ 1-0

[Event "*** MasterClass Titled Tuesday Blitz"]
[Site "Chess.com"]
[Date "2017.08.01"]
[Round "7"]
[White "TheLancer"]
[Black "Cryptochess"]
[Result "0-1"]
[WhiteElo "2463"]
[BlackElo "2480"]
[TimeControl "180+2"]
[EndTime "14:31:03 PDT"]
[Termination "Cryptochess won by resignation"]

1. e4 d6 2. d4 Nf6 3. Nc3 g6 4. h3 Bg7 5. Nf3 O-O 6. Be3 a6 7. a4 b6 8. Bc4 e6 9. Qd2 Bb7 10. Bg5 Qc8 11. Bd3 c5 12. e5 cxd4 13. exf6 dxc3 14.
bxc3 Bh8 15. h4 Nd7 16. Qf4 e5 17. Qh2 Nxf6 18. Bxf6 Bxf6 19. h5 Qd7 20. O-O-O e4 21. Bxe4 Bxe4 22. hxg6 Bxg6 23. Rxd6 Qxa4 24. Ne1 Qa1+ 25.
Kd2 Qxc3+ 26. Ke2 0-1

[Event "*** MasterClass Titled Tuesday Blitz"]
[Site "Chess.com"]
[Date "2017.08.01"]
[Round "7"]
[White "HouseOfDurin"]
[Black "Bad4life"]
[Result "0-1"]
[WhiteElo "1872"]
[BlackElo "2166"]
[TimeControl "180+2"]
[EndTime "14:31:07 PDT"]
[Termination "Bad4life won by resignation"]

1. d4 Nf6 2. Bg5 c5 3. Bxf6 exf6 4. e3 Qb6 5. b3 cxd4 6. exd4 Nc6 7. Nf3 d5 8. c3 Bg4 9. h3 Bh5 10. Bd3 Be7 11.
Nbd2 O-O 12. O-O Rac8 13. g4 Bg6 14. Bxg6 hxg6 15. Qe2 Rfe8 16. Qd3 Nd8 17. c4 Ne6 18. c5 Qc7 19. Ne1 Nf4 20. Qf3 g5 21. Nd3 Ng6 22. Qg3 Qc6 23. Rfe1 Bf8 24. f4 Nh4 25. fxg5 fxg5 26. Nf3 Qg6 27. Nfe5 Qh6 28. Rf1 f6 29. Nf3 Re3 30. Nde1 Rce8 31. Rd1 Ng6 32. Rd3 Nf4 33.
Rxe3 Rxe3 34. Kf2 Re2+ 35. Kg1 Nxh3+ 36. Kh1 Nf2+ 37. Kg2 Ne4+ 38. Kg1 Nxg3 0-1

[Event "*** MasterClass Titled Tuesday Blitz"]
[Site "Chess.com"]
[Date "2017.08.01"]
[Round "7"]
[White "michaelk123"]
[Black "Saitama_Hero"]
[Result "0-1"]
[WhiteElo "2316"]
[BlackElo "2231"]
[TimeControl "180+2"]
[EndTime "14:31:13 PDT"]
[Termination "Saitama_Hero won on time"]

1. d4 d6 2. e4 e5 3. Nf3 Nf6 4. Nc3 Nbd7 5. Bc4 Be7 6. a4 c6 7. O-O Qc7 8. h3 h6 9. Re1 g5 10. Bb3 Nf8 11. Qd3 Ng6 12. Qc4 Be6 13. d5 Bd7 14.
dxc6 Be6 15. Nb5 Qxc6 16. Qxc6+ bxc6 17. Nc7+ Kd7 18. Bxe6+ fxe6 19. Nxa8 Rxa8 20. Be3 d5 21. exd5 exd5 22. Bd2 e4 23. Nd4 Rb8 24. Bc3 Nf4 25. Nf5 Bd8 26. Nxh6 c5 27. Ng4 d4 28. Bd2 Nxg4 29. hxg4 Rxb2 30. Rac1 Nd5 31. Rxe4 Bf6 32. f4 gxf4 33. Kf2 c4 34. Kf3 d3 0-1